 Dungeon Crawl Stone Soup version 0.27-a0-1290-g15d3ce7508 (webtiles) character file.

Game seed: 17267185936489065746

3765 Delamore the Spear-Bearer (level 10, -9/72 (74) HPs)
             Began as a Formicid Fighter on June 15, 2021.
             Mangled by a two-headed ogre (26 damage)
             ... on level 7 of the Dungeon.
             The game lasted 00:10:56 (7454 turns).

Delamore the Spear-Bearer (Formicid Fighter)        Turns: 7454, Time: 00:10:57

HP:   -9/72 (74)    AC: 11    Str: 31    XL:     10   Next: 38%
MP:   10/10         EV:  9    Int:  5    God:
Gold: 123           SH: 11    Dex: 10    Spells: 9/9 levels left

rFire    + . .     SeeInvis +   A - +2 glaive (venom)
rCold    + . .     Faith    .   c - +0 kite shield
rNeg     . . .     Spirit   .   b - +0 scale mail
rPois    .         Reflect  .   (helmet unavailable)
rElec    .         Harm     .   (no cloak)
rCorr    .         Rampage  .   B - +0 pair of gloves of Good Intentions {-Tele Str+8 Int-4 Stlth+}
Will     +....                  E - +2 pair of boots {Fly}
Stlth    +.........             (no amulet)
HPRegen  0.22/turn              o - ring of protection from cold
MPRegen  0.12/turn              q - ring of protection from fire

@: flying, lightly drained
A: permanent stasis, dig shafts and tunnels, antennae 3, four strong arms
a: Dig, Shaft Self


You were on level 7 of the Dungeon.
You visited 2 branches of the dungeon, and saw 8 of its levels.

You collected 1014 gold pieces.
You spent 891 gold pieces at shops.

Inventory:

Hand Weapons
 t - a +2 trident of flaming
 A - a +2 glaive of venom (weapon)
Missiles
 f - 14 javelins (quivered)
 x - 7 boomerangs
Armour
 b - a +0 scale mail (worn)
 c - a +0 kite shield (worn)
 B - the +0 pair of gloves of Good Intentions (worn) {-Tele Str+8 Int-4 Stlth+}
   (You bought it in a shop on level 4 of the Dungeon)

   It affects your strength (+8).
   It affects your intelligence (-4).
   It prevents most forms of teleportation.
   It makes you more stealthy.
 E - a +2 pair of boots of flying (worn)
Jewellery
 i - a ring of flight
 o - a ring of protection from cold (left hand)
 q - a ring of protection from fire (right hand)
 y - a +6 ring of intelligence
Scrolls
 j - 2 scrolls of noise
 p - a scroll of enchant armour
 w - 2 scrolls of immolation
 F - a scroll of fog
Potions
 d - a potion of might
 e - 2 potions of attraction
 k - a potion of brilliance
 m - a potion of mutation
 n - 4 potions of heal wounds
 r - 2 potions of lignification
 u - a potion of resistance
 z - a potion of invisibility
 G - a potion of curing


   Skills:
 - Level 5.0 Fighting
 * Level 14.6 Polearms
 - Level 6.0 Throwing
 + Level 5.0 Armour
 + Level 5.4 Shields


You had 9 spell levels left.
You didn't know any spells.
Your spell library contained the following spells:

 Spells                   Type           Power      Damage    Failure   Level
 Animate Skeleton         Necr           0%         N/A       92%         1
 Beastly Appendage        Tmut           0%         N/A       92%         1
 Pain                     Necr           0%         1d4       92%         1
 Summon Small Mammal      Summ           0%         N/A       92%         1
 Call Imp                 Summ           0%         N/A       98%         2
 Wereblood                Tmut           0%         N/A       98%         2
 Call Canine Familiar     Summ           0%         N/A       100%        3
 Confusing Touch          Hex            0%         N/A       100%        3
 Gell's Gravitas          Tloc           0%         N/A       100%        3
 Spider Form              Tmut/Pois      0%         N/A       100%        3
 Summon Guardian Golem    Hex/Summ       0%         N/A       100%        3
 Vampiric Draining        Necr           0%         2d6       100%        3
 Animate Dead             Necr           0%         N/A       100%        4
 Ice Form                 Ice/Tmut       0%         N/A       100%        4
 Petrify                  Tmut/Erth      0%         N/A       100%        4
 Summon Ice Beast         Ice/Summ       0%         N/A       100%        4
 Summon Lightning Spire   Summ/Air       0%         N/A       100%        4
 Agony                    Necr           0%         N/A       100%        5
 Metabolic Englaciation   Hex/Ice        0%         N/A       100%        5
 Yara's Violent Unravell  Hex/Tmut       0%         3d3       100%        5


Dungeon Overview and Level Annotations

Branches:
Dungeon (7/15)             Temple (1/1) D:7

Altars:
Ashenzari
Cheibriados
Dithmenos
Elyvilon
Fedhas
Hepliaklqana
Kikubaaqudgha
Makhleb
Okawaru
Qazlal
Ru
Sif Muna
Trog
Uskayaw
Vehumet
Wu Jian
Xom
Yredelemnul
The Shining One

Shops:
D:4 *   D:6 *

Annotations:
D:6 2 transporters, flt's ghost, novice OpAE
D:7 1 runed translucent door


Innate Abilities, Weirdness & Mutations

You cannot be hasted, slowed, berserked, paralysed or teleported.
You can dig through walls and to a lower floor.
You have a pair of large antennae on your head. (SInv)
Your four strong arms can wield two-handed weapons with a shield.


Message History

There is an open door here.
Items here: )) [[.
Things that are here:
a +0 hand axe; a +0 robe
There is an open door here.
Items here: )) [[.
Things that are here:
a +3 dagger; a +0 robe You start resting.
HP restored.
Found a stone staircase leading down.
Found a stone staircase leading up.
Found a stone staircase leading down.
A two-headed ogre comes into view.
It is wielding a +0 giant club and a +0 giant spiked club.
The two-headed ogre shouts in stereo!
Found an escape hatch in the floor.
A two-headed ogre is nearby!
You throw a javelin.
The javelin pierces through the two-headed ogre.
The two-headed ogre is lightly wounded.
You throw a javelin.
The javelin pierces through the two-headed ogre!
The two-headed ogre is moderately wounded.
You throw a javelin.
The javelin pierces through the two-headed ogre!
The two-headed ogre is moderately wounded.
You hit the two-headed ogre.
The two-headed ogre is poisoned.
The two-headed ogre is heavily wounded.
The two-headed ogre hits you with a +0 giant club!
The two-headed ogre hits you with a +0 giant spiked club!
You barely miss the two-headed ogre.
The two-headed ogre is heavily wounded.
You hit the two-headed ogre.
The two-headed ogre looks even sicker.
The two-headed ogre is severely wounded.
The two-headed ogre barely misses you.
The two-headed ogre hits you with a +0 giant spiked club!
The two-headed ogre hits you with a +0 giant club!!
* * * LOW HITPOINT WARNING * * *
The two-headed ogre hits you with a +0 giant spiked club!!
You die...

.......##.....# ......#######..
.......#(.....#......<........'..
.......#......#...........).).##.
.......#......#..........##)####.
.......#......#<.........##)..##.
.......##....##................#.
.......##....##................+.
........#.!....................#.
........#.......@..............#.
........#.......O...##...##....#
...)....'...........##...#######
........#............#...##
........#............#>...#
.......####+###......#....#
....(..##....##......#....#
........[.....#......#....#
..........)...#......#....#


You could see a two-headed ogre (very poisoned).

Vanquished Creatures
  Harold (D:7)
  Pikel (D:5)
  Maggie (D:6)
  A water moccasin (D:7)
  An ice beast (D:6)
  Purgy (D:3)
  A necrophage (D:4)
  An ogre (D:4)
  2 centaurs (D:7)
  A lemure (D:6)
  Blork the orc (D:6)
  6 scorpions
  A wyvern skeleton (D:7)
  10 wights (D:7)
  A crimson imp (D:5)
  A howler monkey (D:3)
  2 jellies
  A gnoll shaman (D:7)
  An orc priest (D:7)
  5 hounds
  A centaur skeleton (D:7)
  5 iguanas
  5 orc wizards (D:6)
  A scorpion zombie (D:5)
  Robin (D:2)
  3 adders
  6 gnolls
  2 white imps
  An ufetubus (D:3)
  A worm (D:2)
  3 dart slugs
  16 orcs
  4 ball pythons
  8 bats
  7 endoplasms
  4 giant cockroaches
  15 goblins
  11 hobgoblins
  4 jackals
  5 quokkas
  A frilled lizard (D:1)
  A jackal skeleton (D:7)
  8 kobolds
  A kobold skeleton (D:7)
  5 rats
159 creatures vanquished.

Vanquished Creatures (others)
  7 plants (D:1)
7 creatures vanquished.

Grand Total: 166 creatures vanquished

Notes
Turn   | Place    | Note
-------+----------+-------------------------------------------
     0 | D:1      | Delamore the Formicid Fighter began the quest for the Orb.
     0 | D:1      | Reached XP level 1. HP: 18/18 MP: 1/1
   134 | D:1      | Reached XP level 2. HP: 24/24 MP: 2/2
   481 | D:1      | Reached XP level 3. HP: 30/30 MP: 3/3
   560 | D:1      | Reached skill level 3 in Polearms
  1060 | D:2      | Identified a scroll of acquirement
  1060 | D:2      | Acquired 734 gold pieces
  1186 | D:2      | Reached XP level 4. HP: 32/37 MP: 4/4
  1409 | D:2      | Noticed Robin
  1445 | D:2      | Killed Robin
  1448 | D:2      | Reached skill level 4 in Polearms
  1540 | D:2      | Acquired a manual of Polearms
  1766 | D:3      | Noticed Purgy
  1776 | D:2      | Reached XP level 5. HP: 38/42 MP: 5/5
  1992 | D:3      | Found a glowing golden altar of the Shining One.
  2231 | D:3      | Found an ornate altar of the Wu Jian Council.
  2291 | D:3      | Killed Purgy
  2292 | D:3      | Reached skill level 5 in Polearms
  2292 | D:3      | Reached XP level 6. HP: 44/49 MP: 6/6
  2514 | D:3      | Reached skill level 6 in Polearms
  2666 | D:3      | Found a broken altar of Ashenzari.
  2666 | D:3      | Found a sacrificial altar of Ru.
  2699 | D:4      | Noticed a necrophage
  2721 | D:4      | Killed a necrophage
  2722 | D:4      | Reached skill level 5 in Fighting
  2722 | D:4      | Reached skill level 1 in Throwing
  2915 | D:4      | Reached skill level 7 in Polearms
  2991 | D:4      | Found Munkial's Assorted Antiques.
  2994 | D:4      | Bought a pair of faintly humming gloves for 266 gold pieces
  2994 | D:4      | Identified the +0 pair of gloves of Good Intentions {-Tele
                  | Str+8 Int-4 Stlth+} (You bought it in a shop on level 4 of
                  | the Dungeon)
  3013 | D:4      | Bought a scroll labelled GIGHAI YNAES for 28 gold pieces
  3013 | D:4      | Bought a coppery potion for 25 gold pieces
  3023 | D:4      | Reached XP level 7. HP: 41/56 MP: 7/7
  3472 | D:5      | Entered Level 5 of the Dungeon
  3531 | D:5      | Reached skill level 8 in Polearms
  4036 | D:5      | Found a blossoming altar of Fedhas.
  4038 | D:5      | Found an ancient bone altar of Kikubaaqudgha.
  4175 | D:5      | Reached skill level 9 in Polearms
  4175 | D:5      | Reached XP level 8. HP: 62/62 MP: 8/8
  4733 | D:6      | Noticed Maggie
  4740 | D:6      | Noticed Pikel
  4750 | D:6      | Killed Maggie
  4751 | D:6      | Reached skill level 10 in Polearms
  4892 | D:5      | HP: 1/62 [Pikel (17)]
  4903 | D:5      | Killed Pikel
  4904 | D:5      | Reached skill level 11 in Polearms
  4904 | D:5      | Reached skill level 5 in Throwing
  4904 | D:5      | Reached XP level 9. HP: 29/68 MP: 9/9
  5127 | D:6      | Found a transporter.
  5127 | D:6      | Noticed flt's ghost (novice OpAE)
  5224 | D:6      | Reached skill level 12 in Polearms
  5510 | D:6      | Found Vurress's Assorted Antiques.
  5518 | D:6      | Bought a scroll of brand weapon for 440 gold pieces
  5518 | D:6      | Bought a scroll labelled ORAWNIOHOR for 22 gold pieces
  5518 | D:6      | Bought a potion of heal wounds for 110 gold pieces
  5632 | D:6      | Found a transporter.
  5678 | D:6      | Noticed Blork the orc
  5684 | D:6      | Killed Blork the orc
  5831 | D:6      | Reached skill level 13 in Polearms
  6166 | D:7      | Found a staircase to the Ecumenical Temple.
  6400 | Temple   | Entered the Ecumenical Temple
  6629 | D:7      | Noticed Harold
  6656 | D:7      | Killed Harold
  6657 | D:7      | Reached skill level 14 in Polearms
  6657 | D:7      | Reached XP level 10. HP: 32/74 MP: 10/10
  6908 | D:7      | Found a runed translucent door.
  6909 | D:7      | Found a basalt altar of Yredelemnul.
  6913 | D:7      | Reached skill level 5 in Shields
  7229 | D:7      | Reached skill level 5 in Armour
  7433 | D:7      | Noticed a two-headed ogre
  7454 | D:7      | Mangled by a two-headed ogre

Illustrated notes

Levels and vault maps discovered:
D:1:      minmay_arrival_stone_box, layout_loops_ring, serial_bayou,
          serial_bayou_lagoon_a, serial_bayou_pond_e, serial_bayou_shore_a,
          serial_bayou_shore_b, minivault_24, grunt_decor_cap,
          chequers_serial_rivers_small_3, serial_park_tiny_2,
          minmay_misc_feat_hallway
D:2:      layout_rooms, uniq_robin
D:3:      layout_rooms, gammafunk_temple_overflow_elements,
          lemuel_crystal_altar, nzn_wu_jian_council_hall, uniq_purgy
D:4:      layout_rooms, serial_shops, kennysheep_mini_moat,
          kennysheep_cross_bottleneck, st_stairs_2
D:5:      layout_loops_ring, grunt_temple_overflow_growth_and_decay,
          minmay_fire_ice_demons
D:6:      layout_loops_corners, gammafunk_ghost_mausoleum, serial_shops,
          nicolae_shop_trees, minivault_25, uniq_pikel, uniq_blork_the_orc,
          uniq_maggie
D:7:      layout_gridville, dk_yredelemnul_ordeal,
          minmay_temple_entry_proselytizer, uniq_harold
Temple:   hc_temple_tempest_star

Skill      XL: |  1  2  3  4  5  6  7  8  9 10 |
---------------+-------------------------------+-----
Polearms       | 3 4 5 7 9 11 14 | 14.6
Fighting       | 4 5 |  5.0
Throwing       | 1 3 5 6 |  6.0
Armour         | 4 5 |  5.0
Shields        | 4 5 |  5.4

Action                   |  1- 3 |  4- 6 |  7- 9 | 10-12 || total
-------------------------+-------+-------+-------+-------++-------
Melee: Trident           |    92 |   206 |   191 |       ||   489
       Glaive            |       |       |    14 |    51 ||    65
Throw: Javelin           |       |     7 |    25 |     3 ||    35
 Abil: Dig               |       |     5 |     2 |     3 ||    10
  Use: Scroll            |     4 |    10 |    10 |     1 ||    25
       Potion            |       |       |     1 |       ||     1
Armor: Scale mail        |    45 |   100 |    60 |    12 ||   217
Dodge: Dodged            |    24 |    72 |    42 |    15 ||   153
Block: Kite shield       |    42 |   103 |    78 |    26 ||   249

Table legend: (Time is in decaauts)
 A = Elapsed time spent in this place.
 B = Non-inter-level travel time spent in this place.
 C = Inter-level travel time spent in this place.
 D = Time resting spent in this place.
 E = Time spent auto-exploring this place.
 F = Levels seen in this place.
 G = Mean time per level.
                   A        B        C        D        E       F      G
               +--------+--------+--------+--------+--------+-----+--------+
         Total |   7557 |   7238 |    319 |    870 |   4929 |   8 |  944.6 |
       Dungeon |   7444 |   7144 |    300 |    870 |   4837 |   7 | 1063.4 |
        Temple |    112 |     93 |     19 |      0 |     92 |   1 |  112.0 |
               +--------+--------+--------+--------+--------+-----+--------+

Top non-repeatable levels by time:
     D:5: 1468 daAuts
     D:6: 1216 daAuts
     D:7: 1193 daAuts
     D:1: 1029 daAuts
     D:2: 1010 daAuts
     D:4: 807 daAuts
     D:3: 718 daAuts
  Temple: 112 daAuts
